 Dungeon Crawl Stone Soup version 0.27.1-34-g3ba077fa99 (webtiles) character file.

Game seed: 76245643303427054

3 zeram the Sneak (level 1, 0/11 HPs)
             Began as an Octopode Enchanter on Jan 8, 2022.
             Slain by a hobgoblin (3 damage)
             ... on level 1 of the Dungeon.
             The game lasted 00:00:10 (54 turns).

zeram the Sneak (Octopode Enchanter)                  Turns: 54, Time: 00:00:11

Health: 0/11       AC:  1    Str:  7    XL:     1   Next: 50%
Magic:  3/3        EV: 13    Int: 17    God:
Gold:   12         SH:  0    Dex: 12    Spells: 3/4 levels left

rFire    . . .     SeeInvis .   a - +1 dagger
rCold    . . .     Faith    .   (no shield)
rNeg     . . .     Spirit   .   (helmet restricted)
rPois    .         Reflect  .   (no amulet)
rElec    .         Harm     .   (no ring)
rCorr    .         Rampage  .   (no ring)
Will     .....                  (no ring)
Stlth    +++.......             (no ring)
HPRegen  0.03/turn              (no ring)
MPRegen  0.08/turn              (no ring)
                                (no ring)
                                (no ring)

@: no status effects
A: almost no armour, amphibious, 8 rings, camouflage 1, gelatinous body 1,
(nimble swimmer 1), tentacles
a: no special abilities


You were on level 1 of the Dungeon.
You visited 1 branch of the dungeon, and saw 1 of its levels.

You collected 12 gold pieces.

Inventory:

Hand Weapons
 a - a +1 dagger (weapon)
Scrolls
 b - a scroll of immolation {unknown}


   Skills:
 + Level 1.0 Short Blades
 + Level 2.0 Dodging
 + Level 4.2 Stealth
 + Level 2.0 Spellcasting
 + Level 3.1 Hexes


You had 3 spell levels left.
You knew the following spells:

 Your Spells              Type           Power      Damage    Failure   Level
a - Corona                Hex            13%        N/A       5%          1

Your spell library contained the following spells:

 Spells                   Type           Power      Damage    Failure   Level
 Ensorcelled Hibernation  Hex/Ice        12%        N/A       16%         2
 Confusing Touch          Hex            12%        N/A       16%         3
 Tukima's Dance           Hex            12%        N/A       16%         3
 Dazzling Flash           Conj/Hex       12%        N/A       30%         3


Dungeon Overview and Level Annotations

Branches:
Dungeon (1/15)

Altars:


Innate Abilities, Weirdness & Mutations

You cannot wear most types of armour.
You are amphibious.
You can wear up to eight rings at the same time.
Your skin changes colour to match your surroundings (Stealth+).
Your rubbery body absorbs attacks. (AC +1, EV +1)
((You are camouflaged near water. (Stealth+)))
You have tentacles for arms and can constrict up to eight enemies at once.


Message History

You kill the goblin!
No target in view!
No target in view!
No target in view!
Things that are here:
a +0 club; a goblin corpse
b - a scroll labelled ZUSHRA BIUSTOU A ball python and a hobgoblin come into view.
The ball python hisses angrily.
You see here 5 gold pieces.
There are monsters nearby!
There are monsters nearby!
There are monsters nearby!
There are monsters nearby!
Found a leather armour and 17 gold pieces.
The hobgoblin shouts!
You barely miss the ball python. Your grab misses the ball python.
Your squeeze misses the ball python. The ball python bites you.
The ball python grabs you. The ball python constricts you.
You hit the ball python. You grab the ball python.
The ball python is severely wounded.
You constrict the ball python.
You kill the ball python!
The hobgoblin barely misses you.
You hit the hobgoblin. You grab the hobgoblin.
The hobgoblin is moderately wounded.
You constrict the hobgoblin, but do no damage.
The hobgoblin barely misses you.
You completely miss the hobgoblin.
The hobgoblin is moderately wounded.
You constrict the hobgoblin. The hobgoblin hits you.
* * * LOW HITPOINT WARNING * * *
You are too injured to fight recklessly!
You are too injured to fight recklessly!
A hobgoblin is nearby!
You are too injured to fight recklessly!
You hit the hobgoblin.
The hobgoblin is heavily wounded.
You constrict the hobgoblin. The hobgoblin hits you.
You die...

#. #..# #. #..# ##.##
##..#### # # ....
......
##$#.##>####...## #
#....#...##.....##g.#
.................#..#
#..$...†............#
.[...#@#.$....)....##
..#..g................
......#..†..........###
#.....#####.....#####
###.# ##...## #. #.###
# ####.########
#...........#
#.##.######.#


You could see a hobgoblin.

Vanquished Creatures
  A goblin (D:1)
  A hobgoblin (D:1)
  A ball python (D:1)
3 creatures vanquished.

Notes
Turn   | Place    | Note
-------+----------+-------------------------------------------
     0 | D:1      | zeram the Octopode Enchanter began the quest for the Orb.
     0 | D:1      | Reached XP level 1. HP: 11/11 MP: 3/3
    54 | D:1      | Slain by a hobgoblin

Illustrated notes

Levels and vault maps discovered:
D:1:      psy_arrival_statuary, layout_loops_ring,
          ebering_ecumenical_altar_sacrificial

Action                   || total
-------------------------++-------
Melee: Dagger            ||     7
       Constrict         ||     2
 Stab: Sleeping          ||     2
Dodge: Dodged            ||     2
